 Dungeon Crawl Stone Soup version 0.26.1-11-gd32895ea62 (webtiles) character file.

Game seed: 5327869210452352280

70 Zeld the Sneak (level 4, 0/29 HPs)
             Began as an Octopode Brigand on May 12, 2021.
             Killed from afar by Natasha (6 damage)
             ... with a magic dart
             ... on level 1 of the Dungeon.
             The game lasted 00:02:28 (2945 turns).

Zeld the Sneak (Octopode Brigand)                   Turns: 2945, Time: 00:02:29

Health: 0/29       AC:  1    Str: 11    XL:     4   Next: 21%
Magic:  7/7        EV: 13    Int: 13    God:
Gold:   71         SH:  0    Dex: 13    Spells: 7/7 levels left

rFire    . . .     SeeInvis .   a - +2 dagger
rCold    . . .     Faith    .   (no shield)
rNeg     . . .     Spirit   .   (helmet restricted)
rPois    .         Reflect  .   (no amulet)
rElec    .         Harm     .   (no ring)
rCorr    .         Rampage  .   (no ring)
Will     .....                  (no ring)
Stlth    ++++......             (no ring)
HPRegen  0.09/turn              (no ring)
MPRegen  0.10/turn              (no ring)
                                (no ring)
                                (no ring)

@: slowed, very slow
A: almost no armour, stealthy swim, amphibious, 8 rings, constrict 8, camouflage
1, gelatinous body 1
a: no special abilities


You were on level 1 of the Dungeon.
You visited 1 branch of the dungeon, and saw 2 of its levels.

You collected 71 gold pieces.

Inventory:

Hand Weapons
 a - a +2 dagger (weapon)
Missiles
 b - 23 poisoned darts (quivered)
 c - 2 curare-tipped darts
Jewellery
 e - an uncursed ring of stealth {unknown}
 i - an uncursed amulet of guardian spirit {unknown}
Scrolls
 j - a scroll of magic mapping {unknown}
 k - a scroll of identify {unknown}
Potions
 d - a potion of mutation {unknown}
 f - a potion of degeneration {unknown}
 g - 2 potions of haste {unknown}
 h - a potion of ambrosia {unknown}


   Skills:
 - Level 2.0 Fighting
 - Level 2.0 Short Blades
 * Level 3.3 Throwing
 - Level 1.0 Dodging
 - Level 5.3 Stealth
 * Level 2.2 Spellcasting


You had 7 spell levels left.
You didn't know any spells.
Your spell library was empty.

Dungeon Overview and Level Annotations

Branches:
Dungeon (2/15)

Altars:

Annotations:
D:1 Natasha


Innate Abilities, Weirdness & Mutations

You cannot wear most types of armour.
You are very stealthy in the water. (Stealth+)
You are amphibious.
You can wear up to eight rings at the same time.
You can use your tentacles to constrict eight enemies at once.
Your skin changes colour to match your surroundings (Stealth+).
Your rubbery body absorbs attacks. (AC +1, EV +1)


Message History

You closely miss Natasha. Your grab misses Natasha.
Natasha stares at you and mumbles some strange words.
The magic dart hits you! Natasha claws you.
* * * LOW HITPOINT WARNING * * *
You are too injured to fight recklessly!
You hit Natasha. You grab Natasha.
Natasha is moderately wounded.
You constrict Natasha.
Natasha stares at you and mumbles some strange words.
You resist with some effort.
Unknown command.
You hit Natasha. You squeeze Natasha.
Natasha is heavily wounded.
You constrict Natasha. Natasha claws you but does no damage.
You hit Natasha.
Natasha is almost dead.
You constrict Natasha. Natasha casts a spell at you. The magic dart hits you.
You die...

##.##..###.###.)...##
#..# #.#
##.........####...##
#..###.#
#####..####.......##
#.#...## .......#
#........# #.#####
######.# #.####...# #.#
#.####.####...## #.#
#..............######.#
######................#
#.###.@.##########
#.....h.# #.####.## #..#
#.###### ##.###......###
#...ยง.(..)....#
#.###.###.#.#.#
#..,#.#.#.#.#.#
###########.###.#.#.###.#


You could see Natasha.

Vanquished Creatures
  Natasha (D:1)
  2 dart slugs (D:1)
  A leopard gecko (D:1)
  3 giant cockroaches (D:1)
  8 goblins (D:1)
  4 hobgoblins (D:1)
  7 jackals (D:1)
  4 bats
  A frilled lizard (D:2)
  2 kobolds (D:1)
  5 rats (D:1)
38 creatures vanquished.

Notes
Turn   | Place    | Note
-------+----------+-------------------------------------------
     0 | D:1      | Zeld the Octopode Brigand began the quest for the Orb.
     0 | D:1      | Reached XP level 1. HP: 14/14 MP: 1/1
   117 | D:1      | Reached XP level 2. HP: 19/19 MP: 1/3
   242 | D:1      | Reached skill level 1 in Spellcasting
   494 | D:1      | Reached XP level 3. HP: 24/24 MP: 5/5
  1685 | D:2      | Noticed Natasha
  1701 | D:1      | Killed Natasha
  1702 | D:1      | Reached XP level 4. HP: 13/29 MP: 5/7
  2915 | D:1      | Noticed Natasha
  2945 | D:1      | Killed from afar by Natasha

Illustrated notes

Levels and vault maps discovered:
D:1:      dpeg_arrival_tiny_a, layout_loops_corners, grunt_decor_clamped,
          corner_web_ring, minmay_misc_feat_nine_boxes, minmay_small_reverse_x
D:2:      layout_loops_cross, uniq_natasha, uniq_sigmund, uniq_robin

Skill      XL: |  1  2  3 |
---------------+----------+-----
Spellcasting   | 1 2 |  2.2
Throwing       | 3 |  3.3
Fighting       | |  2.0
Short Blades   | |  2.0
Dodging        | |  1.0
Stealth        | |  5.3

Action                   |  1- 3 |  4- 6 || total
-------------------------+-------+-------++-------
Melee: Dagger            |    75 |     8 ||    83
       Constrict         |    13 |     2 ||    15
       Tentacles         |     9 |     2 ||    11
Throw: Dart              |       |     1 ||     1
 Stab: Sleeping          |    19 |       ||    19
Armor: Skin              |     5 |     1 ||     6
Dodge: Dodged            |    32 |     4 ||    36
